 Dungeon Crawl Stone Soup version 0.30.1-3-gfc49f6343a (webtiles) character file.

Game seed: 2633488107766378053

145206 Pepete the Carver (level 17, -1/123 HPs)
             Began as a Gnoll Wanderer on July 27, 2023.
             Was an Elder of Okawaru.
             Slain by a ghost moth (3 damage)
             ... on level 2 of the Spider Nest on July 28, 2023.
             The game lasted 01:44:02 (63831 turns).

Pepete the Carver (Gnoll Wanderer)                 Turns: 63831, Time: 01:44:03

Health: -1/123     AC: 27    Str: 18 (21) XL:     17   Next: 41%
Magic:  0/33       EV: 15    Int: 14 (15) God:    Okawaru [****..]
Gold:   1909       SH: 14    Dex:  6 (10) Spells: 31/40 levels left

rFire   x . .        h - +6 shillelagh "Devastator" {shatter}
rCold   + + .        a - +3 kite shield of the Immovable Ears {Int+4 Stlth+}
rNeg    + . .        t - +4 ice dragon scales of Fiown {rPois rF- rC++ rN+ Dex-4}
rPois   +            W - +2 helmet {Int+3}
rElec   .            b - +0 cloak {rPois}
rCorr   .            o - +1 pair of gloves
SInv    .            B - +0 pair of boots
Will    +....        X - amulet of magic regeneration
Stlth   ++++         c - +5 ring of evasion
HPRegen 0.40/turn    s - ring of wizardry
MPRegen 0.63/turn

%: wizardry (x1)
@: slowed, very slow
A: fangs 1, strong nose, distributed training, deterioration 1, frail 1,
teleportitis 1, devolution 1
a: Renounce Religion, Heroism, Finesse


You were on level 2 of the Spider Nest.
You worshipped Okawaru.
Okawaru was greatly pleased with you.
You visited 6 branches of the dungeon, and saw 27 of its levels.
You also visited: Ice Cave.

You collected 3020 gold pieces.
You spent 1111 gold pieces at shops.

Inventory:

Hand Weapons
 h - the +6 shillelagh "Devastator" (weapon) {shatter}
   (You found it on level 5 of the Dungeon)
 O - the +3 war axe "Woliolab" {elec, rF+ Str+5 Stlth-}
   (You found it on level 10 of the Dungeon)

   Str:       It affects your strength (+5).
   rF:        It protects you from fire.
   Stlth:     It makes you less stealthy.
 R - the +8 whip of Teamya {drain, rF+ rN+ Int+4 Dex-2}
   (You found it on level 1 of the Lair of Beasts)

   Int:       It affects your intelligence (+4).
   Dex:       It affects your dexterity (-2).
   rF:        It protects you from fire.
   rN:        It protects you from negative energy.
Missiles
 d - 3 throwing nets
 z - 11 boomerangs
 E - 15 silver boomerangs
 K - 14 javelins
Armour
 a - the +3 kite shield of the Immovable Ears (worn) {Int+4 Stlth+}
   (Okawaru gifted it to you on level 3 of the Lair of Beasts)

   Int:       It affects your intelligence (+4).
   Stlth:     It makes you more stealthy.
 b - a +0 cloak of poison resistance (worn)
 o - a +1 pair of gloves (worn)
 t - the +4 ice dragon scales of Fiown (worn) {rPois rF- rC++ rN+ Dex-4}
   (Okawaru gifted it to you on level 14 of the Dungeon)

   Dex:       It affects your dexterity (-4).
   rF:        It makes you vulnerable to fire.
   rC:        It greatly protects you from cold.
   rPois:     It protects you from poison.
   rN:        It protects you from negative energy.
 v - the +2 cloak of the Meadowlark {Regen+}
   (Okawaru gifted it to you on level 15 of the Dungeon)

   Regen:     It increases your rate of health regeneration.
 y - a +2 robe of resistance
 B - a +0 pair of boots (worn)
 L - a +2 tower shield of cold resistance
 W - a +2 helmet of intelligence (worn)
Magical Staves
 Z - a staff of air
Jewellery
 c - a +5 ring of evasion (left hand)
 f - an amulet of guardian spirit
 i - a ring of fire
 k - a ring of ice
 p - an amulet of regeneration
 s - a ring of wizardry (right hand)
 G - a ring of resist corrosion
 U - the amulet "Omnej" {Acrobat Int+5}
   (You found it on level 1 of the Lair of Beasts)

   [amulet of the acrobat]

   It increases your evasion while moving and waiting.
   Int:       It affects your intelligence (+5).
 X - an amulet of magic regeneration (around neck)
Wands
 g - a wand of iceblast (12)
 x - a wand of flame (47)
 C - a wand of paralysis (13)
 F - a wand of mindburst (17)
 J - a wand of polymorph (6)
 P - a wand of acid (15)
Scrolls
 j - 2 scrolls of enchant weapon
 l - a scroll of brand weapon
 m - a scroll of identify
 I - 2 scrolls of fog
 M - 2 scrolls of amnesia
 Q - 2 scrolls of fear
 S - 3 scrolls of poison
Potions
 e - a potion of berserk rage
 n - a potion of flight
 q - 9 potions of curing
 u - 2 potions of cancellation
 A - 3 potions of haste
 D - 2 potions of resistance
 H - 3 potions of might
 T - 3 potions of brilliance
 V - a potion of ambrosia
 Y - 3 potions of magic


   Skills:
 + Level 13.6 Fighting
 + Level 12.0 Short Blades
 + Level 13.6 Long Blades
 + Level 12.0 Axes
 + Level 12.0 Maces & Flails
 + Level 12.0 Polearms
 + Level 12.0 Staves
 + Level 12.0 Ranged Weapons
 + Level 12.0 Throwing
 + Level 12.3 Armour
 + Level 12.0 Dodging
 + Level 12.0 Stealth
 + Level 12.8 Shields
 + Level 12.0 Unarmed Combat
 + Level 12.4 Spellcasting
 + Level 10.2 Conjurations
 + Level 10.2 Hexes
 + Level 10.2 Summonings
 + Level 10.2 Necromancy
 + Level 10.2 Translocations
 + Level 10.2 Transmutations
 + Level 10.2 Fire Magic
 + Level 10.2 Ice Magic
 + Level 10.2 Air Magic
 + Level 10.2 Earth Magic
 + Level 10.2 Poison Magic
 + Level 13.1 Invocations
 + Level 12.0 Evocations


You had 31 spell levels left.
You knew the following spells:

 Your Spells              Type           Power      Damage    Failure   Level
a - Foxfire               Conj/Fire      100%       2x1d9     1%          1
b - Fireball              Conj/Fire      18%        3d9       8%          5
c - Hailstorm             Conj/Ice       37%        3d9       1%          3

Your spell library contained the following spells:

 Spells                   Type           Power      Damage    Failure   Level
 Beastly Appendage        Tmut           74%        N/A       1%          1
 Magic Dart               Conj           100%       1d8       1%          1
 Necrotise                Necr           100%       1d9       1%          1
 Cigotuvi's Dreadful Rot  Necr/Pois/Air  74%        N/A       1%          2
 Ensorcelled Hibernation  Hex/Ice        74%        N/A       1%          2
 Static Discharge         Conj/Air       74%        2-6/arc   1%          2
 Wereblood                Tmut           37%        N/A       1%          2
 Gell's Gravitas          Tloc           37%        N/A       1%          3
 Ignite Poison            Fire/Tmut/Pois 37%        N/A       1%          3
 Inner Flame              Hex/Fire       37%        N/A       1%          3
 Mephitic Cloud           Conj/Pois/Air  37%        N/A       1%          3
 Spider Form              Tmut/Pois      37%        N/A       1%          3
 Teleport Other           Tloc           37%        N/A       1%          3
 Vampiric Draining        Necr           37%        2d8       1%          3
 Airstrike                Air            18%        2d(3-19)  2%          4
 Anguish                  Hex/Necr       18%        N/A       2%          4
 Ice Form                 Ice/Tmut       37%        N/A       2%          4
 Agony                    Necr           37%        N/A       8%          5
 Freezing Cloud           Conj/Ice/Air   18%        6-21      8%          5
 Yara's Violent Unravell  Hex/Tmut       18%        3d9       8%          5
 Dispersal                Tloc           18%        N/A       38%         6
 Plasma Beam              Fire/Air       18%        2x1d33    38%         6
 Starburst                Conj/Fire      18%        6d7       38%         6
 Enfeeble                 Hex            18%        N/A       89%         7
 Storm Form               Tmut/Air       18%        N/A       89%         7
 Maxwell's Capacitive Co  Air            18%        ∞         100%        8
 Call Imp                 Summ           Unusable   N/A       N/A         2
 Summon Lightning Spire   Summ/Air       Unusable   N/A       N/A         4
 Simulacrum               Ice/Necr       Unusable   N/A       N/A         6

Dungeon Overview and Level Annotations

Branches:
Dungeon (15/15)            Temple (1/1) D:6            Lair (4/5) D:11
  Swamp (3/4) Lair:2       Spider (2/4) Lair:2          Orc (2/2) D:11
    Elf (0/3) Orc:2        Vaults (0/5) D:13         Depths (0/4) D:15
  IceCv (visited)
  Slime: Lair:4-5

Altars:
Ashenzari
Cheibriados
Dithmenos
Elyvilon
Fedhas
Hepliaklqana
Kikubaaqudgha
Makhleb
Nemelex Xobeh
Okawaru
Qazlal
Ru
Sif Muna
Trog
Uskayaw
Vehumet
Wu Jian
Xom
Yredelemnul
Zin
The Shining One

Shops:
D:10 !   D:14 (   Orc:1 *   Orc:2 [([!

Annotations:
D:3 2 transporters
D:13 2 runed translucent doors, Plog's ghost, journeyman TrFi
Swamp:3 1 runed translucent door
Spider:2 1 runed translucent door, Tacit's ghost, journeyman GrMo


Innate Abilities, Weirdness & Mutations

You have very sharp teeth.
Your uncanny sense of smell can sniff out nearby items.
Your experience applies equally to all skills.
Your body sometimes deteriorates upon taking damage.
You are frail. (-10% HP)
You are occasionally teleported next to monsters.
You have hidden genetic defects.


Message History

You feel clumsy. Something stings you!
* * * LOW HITPOINT WARNING * * *
Something hits you but does no damage. x2; Something stings you.
* * * LOW HITPOINT WARNING * * *
You feel clumsy.
You feel you are being watched by something.
You feel your power leaking away. Something hits you but does no damage.
Something hits you.
* * * LOW HITPOINT WARNING * * *
You block something's attack. x2; Something closely misses you.
Something stings you but does no damage.
As you read the scroll of fear, it crumbles to dust.
You assume a fearsome visage.
The torpor snail resists with almost no effort.
Something hits you but does no damage. Something barely misses you.
Something stings you but does no damage.
You feel you are being watched by something.
You feel your power leaking away. You block something's attack.
Something hits you but does no damage. Something barely misses you.
You feel you are being watched by something.
You feel your power leaking away.
You feel you are being watched by something.
You block something's attack. x2
Something stings you but does no damage.
You feel you are being watched by something. x2
Something barely misses you. Something hits you but does no damage.
Something stings you but does no damage.
You feel you are being watched by something.
You feel your power leaking away.
You feel you are being watched by something.
Something hits you!
* * * LOW HITPOINT WARNING * * *
You feel dopey. Something hits you!
* * * LOW HITPOINT WARNING * * *
You feel clumsy. Something stings you.
You die...

##.......# ### #..##
##^......## ###.### ##..#
###.......# #.....###..##
♣W#.......## ##......##..#
8=+........###..........##
♣[#..##..............^..#
########...........^...##
###.............#
###....@......#
###.........#
#.###w.....####
∆+...#..........
∆+...#^.........
∆+..............
∆+^.........##..
∆+...#......#
∆+...#†.....#


You could see a torpor snail.

Vanquished Creatures
  Jorgrun (Orc:2)
  Donald (Lair:2)
  2 frost giants (IceCv)
  2 orc warlords
  2 broodmothers
  A white draconian (IceCv)
  An eleionoma (Swamp:2)
  Nessos (Orc:2)
  2 bunyips (Swamp:1)
  An ettin (D:15)
  An entropy weaver (Lair:2)
  A fire dragon (D:15)
  An entropy weaver (shapeshifter) (D:14)
  2 shambling mangroves
  A great orb of eyes (D:13)
  8 hydras
  2 rakshasas (D:15)
  A jorogumo (Spider:2)
  Harold (D:11)
  2 ice dragons
  3 catoblepae
  5 centaur warriors
  3 ghost crabs
  2 ironbound frosthearts (IceCv)
  Erica (D:11)
  5 alligators (Swamp:1)
  3 radroaches
  5 boulder beetles
  An ogre mage (D:15)
  8 two-headed ogres
  Urug (Orc:2)
  6 tengu warriors
  Nergalle (D:10)
  4 skeletal warriors
  A deep troll (shapeshifter) (D:13)
  A pharaoh ant (Lair:2)
  A spriggan druid (Swamp:1)
  A sun moth (Lair:2)
  3 goliath frogs
  A steelbarb worm (Spider:1)
  4 swamp dragons (Swamp:3)
  An orange crystal statue (IceCv)
  A deep elf archer (D:13)
  A deep troll (D:15)
  A bog body (Swamp:1)
  3 orc knights
  2 wizards (D:15)
  A necromancer (D:15)
  A lindwurm (D:13)
  6 orc sorcerers
  3 deep elf pyromancers
  A deep elf zephyrmancer (D:13)
  11 wolf spiders
  4 manticores
  21 ugly things
  10 cyclopes
  5 elephants
  2 black mambas
  4 demonic crawlers
  9 cane toads
  A gargoyle (D:13)
  An efreet (D:15)
  An unseen horror (D:12)
  21 rime drakes
  10 komodo dragons
  2 torpor snails
  4 tengu conjurers
  2 freezing wraiths
  A kobold demonologist (D:14)
  3 meliai (Spider:2)
  4 tyrant leeches
  16 polar bears
  2 bloated husks (Swamp:1)
  6 trolls
  7 hornets
  16 tarantellas
  2 dream sheep (Lair:4)
  11 blink frogs
  8 slime creatures
  12 jumping spiders
  6 wyverns
  2 shadows
  4 spriggans
  A jumping spider (shapeshifter) (D:13)
  3 wraiths
  27 yaks
  12 culicivoras
  A vampire (D:12)
  Grum (D:11)
  2 basilisks
  2 steam dragons
  30 redbacks
  7 vampire mosquitoes
  14 swamp worms
  17 water moccasins
  5 wargs
  Duvessa (D:7)
  A swamp drake (Swamp:3)
  A black bear (D:11)
  25 orc warriors
  9 ogres
  2 wolves (D:11)
  7 centaurs
  An ogre (shapeshifter) (D:13)
  2 phantoms
  4 kobold brigands
  2 gnoll sergeants
  6 scorpions
  19 bullfrogs
  Dowan (D:7)
  14 killer bees
  An electric eel (Lair:2)
  8 howler monkeys
  A lava snake (Lair:3)
  A hound (D:4)
  26 orc priests
  3 jellies
  6 iguanas
  28 orc wizards
  A boggart simulacrum (D:13)
  Robin (D:4)
  9 adders
  10 gnolls
  2 shadow imps (D:7)
  2 white imps (D:7)
  A dart slug (D:1)
  2 worms
  99 orcs
  6 ball pythons
  6 bats
  8 endoplasms
  2 giant cockroaches
  14 goblins
  11 hobgoblins
  3 quokkas
  4 frilled lizards
  23 kobolds
  2 rats
  A fire vortex (D:14)
821 creatures vanquished.

Vanquished Creatures (collateral kills)
  30 foxfires
30 creatures vanquished.

Vanquished Creatures (others)
  A shambling mangrove (Swamp:1)
  A spriggan (Swamp:1)
  3 bloated husks
  2 hornets
  2 orcs (Orc:2)
  1118 foxfires
1127 creatures vanquished.

Grand Total: 1978 creatures vanquished

Notes
Turn   | Place    | Note
-------+----------+-------------------------------------------
     0 | D:1      | Pepete the Gnoll Wanderer began the quest for the Orb.
     0 | D:1      | Pepete set off with the following items: a +3 falchion, a
                  | +0 buckler, a scroll of teleportation, a +0 leather armour.
     0 | D:1      | Reached XP level 1. HP: 23/23 MP: 4/4
   131 | D:1      | Reached XP level 2. HP: 29/29 MP: 5/5
   741 | D:2      | Found an iron altar of Okawaru.
   939 | D:2      | Reached XP level 3. HP: 32/35 MP: 7/7
  1368 | D:2      | Reached skill level 1 in Invocations
  1463 | D:2      | Reached skill level 1 in Short Blades
  1463 | D:2      | Reached skill level 1 in Axes
  1463 | D:2      | Reached skill level 1 in Maces & Flails
  1463 | D:2      | Reached skill level 1 in Polearms
  1463 | D:2      | Reached skill level 1 in Staves
  1463 | D:2      | Reached skill level 1 in Ranged Weapons
  1463 | D:2      | Reached skill level 1 in Throwing
  1463 | D:2      | Reached skill level 1 in Dodging
  1463 | D:2      | Reached skill level 1 in Stealth
  1463 | D:2      | Reached skill level 1 in Unarmed Combat
  1463 | D:2      | Reached skill level 1 in Evocations
  1850 | D:2      | Reached XP level 4. HP: 39/41 MP: 8/8
  2148 | D:3      | Reached skill level 1 in Conjurations
  2148 | D:3      | Reached skill level 1 in Hexes
  2148 | D:3      | Reached skill level 1 in Summonings
  2148 | D:3      | Reached skill level 1 in Necromancy
  2148 | D:3      | Reached skill level 1 in Translocations
  2148 | D:3      | Reached skill level 1 in Transmutations
  2148 | D:3      | Reached skill level 1 in Fire Magic
  2148 | D:3      | Reached skill level 1 in Ice Magic
  2148 | D:3      | Reached skill level 1 in Air Magic
  2148 | D:3      | Reached skill level 1 in Earth Magic
  2148 | D:3      | Reached skill level 1 in Poison Magic
  2164 | D:3      | Found a transporter.
  2405 | D:3      | Found a transporter.
  2405 | D:3      | You fall into a shaft and drop 3 floors!
  2801 | D:6      | Noticed a bullfrog
  2813 | D:6      | Killed a bullfrog
  2814 | D:6      | Reached XP level 5. HP: 38/47 MP: 9/9
  3072 | D:6      | Noticed a kobold brigand
  3074 | D:6      | Noticed an orc warrior
  3334 | D:6      | Noticed a phantom
  3357 | D:5      | Entered Level 5 of the Dungeon
  3645 | D:5      | Reached XP level 6. HP: 53/53 MP: 11/11
  3665 | D:5      | Reached skill level 5 in Shields
  4420 | D:3      | Found a snail-covered altar of Cheibriados.
  4420 | D:3      | Found a glowing golden altar of the Shining One.
  4991 | D:3      | Found a faded altar of an unknown god.
  5765 | D:4      | Reached XP level 7. HP: 44/60 MP: 12/12
  6020 | D:4      | Identified the +1 pair of gloves of Inference {-Cast rElec
                  | rCorr}
  6406 | D:4      | Found an ornate altar of the Wu Jian Council.
  6406 | D:4      | Noticed Robin
  6417 | D:4      | Killed Robin
  8057 | D:5      | Reached XP level 8. HP: 63/67 MP: 14/14
  8075 | D:5      | Found the +6 shillelagh "Devastator" {shatter}
  8711 | D:5      | Noticed a two-headed ogre
  8718 | D:5      | Killed a two-headed ogre
  8719 | D:5      | Reached XP level 9. HP: 29/73 MP: 14/16
  9528 | D:5      | Reached skill level 5 in Spellcasting
 10164 | D:6      | Found a radiant altar of Vehumet.
 10177 | D:6      | Reached skill level 5 in Armour
 10504 | D:6      | Found a staircase to the Ecumenical Temple.
 10609 | Temple   | Entered the Ecumenical Temple
 10898 | Temple   | Became a worshipper of Warmaster Okawaru
 11332 | D:7      | Found a hide-covered altar of Uskayaw.
 11771 | D:7      | Reached skill level 5 in Invocations
 12166 | D:7      | Noticed Duvessa
 12166 | D:7      | Noticed Dowan
 12173 | D:7      | Killed Dowan
 12175 | D:7      | Killed Duvessa
 12626 | D:7      | Found an ancient bone altar of Kikubaaqudgha.
 12928 | D:7      | Reached * piety under Okawaru
 13376 | D:8      | Reached skill level 5 in Short Blades
 13376 | D:8      | Reached skill level 5 in Axes
 13376 | D:8      | Reached skill level 5 in Maces & Flails
 13376 | D:8      | Reached skill level 5 in Polearms
 13376 | D:8      | Reached skill level 5 in Staves
 13376 | D:8      | Reached skill level 5 in Ranged Weapons
 13376 | D:8      | Reached skill level 5 in Throwing
 13376 | D:8      | Reached skill level 5 in Dodging
 13376 | D:8      | Reached skill level 5 in Stealth
 13376 | D:8      | Reached skill level 5 in Unarmed Combat
 13376 | D:8      | Reached skill level 5 in Evocations
 13376 | D:8      | Reached XP level 10. HP: 73/81 MP: 18/18
 13454 | D:8      | Reached ** piety under Okawaru
 13896 | D:8      | Reached *** piety under Okawaru
 16046 | D:10     | Entered Level 10 of the Dungeon
 16049 | D:10     | Noticed a purple ugly thing
 16063 | D:9      | Killed a purple ugly thing
 16064 | D:9      | Reached skill level 5 in Conjurations
 16064 | D:9      | Reached skill level 5 in Hexes
 16064 | D:9      | Reached skill level 5 in Summonings
 16064 | D:9      | Reached skill level 5 in Necromancy
 16064 | D:9      | Reached skill level 5 in Translocations
 16064 | D:9      | Reached skill level 5 in Transmutations
 16064 | D:9      | Reached skill level 5 in Fire Magic
 16064 | D:9      | Reached skill level 5 in Ice Magic
 16064 | D:9      | Reached skill level 5 in Air Magic
 16064 | D:9      | Reached skill level 5 in Earth Magic
 16064 | D:9      | Reached skill level 5 in Poison Magic
 16064 | D:9      | Reached XP level 11. HP: 70/89 MP: 17/21
 16142 | D:10     | Received a gift from Okawaru
 16147 | D:10     | Noticed a green ugly thing
 16148 | D:10     | Noticed a catoblepas
 16210 | D:9      | Killed a catoblepas
 16210 | D:9      | Reached **** piety under Okawaru
 16451 | D:10     | Noticed a manticore
 16460 | D:9      | Killed a green ugly thing
 16852 | D:10     | Killed a manticore
 17273 | D:10     | Found a sparkling altar of Nemelex Xobeh.
 17278 | D:10     | Noticed Nergalle
 17357 | D:10     | Identified the +3 war axe "Woliolab" {elec, rF+ Str+5
                  | Stlth-}
 17476 | D:10     | Received a gift from Okawaru
 17487 | D:10     | Killed Nergalle
 17728 | D:10     | Noticed a boulder beetle
 17778 | D:10     | Killed a boulder beetle
 18480 | D:9      | Learned a level 1 spell: Foxfire
 18486 | D:9      | Learned a level 5 spell: Fireball
 18803 | D:10     | Found Fueguin's Distillery.
 18811 | D:10     | Bought a potion of curing for 33 gold pieces
 18811 | D:10     | Bought a potion of haste for 110 gold pieces
 18811 | D:10     | Bought 2 potions of curing for 66 gold pieces
 18811 | D:10     | Bought a potion of heal wounds for 55 gold pieces
 19063 | D:11     | Noticed Grum
 19073 | D:11     | Killed Grum
 19814 | D:11     | Found a staircase to the Lair.
 19940 | D:11     | Found a shimmering altar of Xom.
 19983 | D:11     | Found a staircase to the Orcish Mines.
 20034 | D:11     | Noticed Harold
 20039 | D:11     | Killed Harold
 21238 | D:11     | Noticed a two-headed ogre
 21246 | D:11     | Noticed a cyclops
 21255 | D:11     | Killed a two-headed ogre
 21255 | D:11     | Received a gift from Okawaru
 21256 | D:11     | Reached XP level 12. HP: 72/97 MP: 12/23
 21554 | D:11     | Noticed Erica
 21564 | D:11     | Killed Erica
 21603 | D:11     | Noticed a two-headed ogre
 21611 | D:11     | Killed a two-headed ogre
 21989 | Lair:1   | Entered Level 1 of the Lair of Beasts
 21997 | Lair:1   | Received a gift from Okawaru
 22394 | Lair:1   | Reached ***** piety under Okawaru
 22395 | Lair:1   | Reached skill level 10 in Fighting
 22395 | Lair:1   | Reached skill level 10 in Long Blades
 22704 | Lair:1   | Identified the +8 whip of Teamya {drain, rF+ rN+ Int+4
                  | Dex-2}
 22893 | Lair:1   | Identified the amulet "Omnej" {Acrobat Int+5}
 23197 | Lair:1   | Received a gift from Okawaru
 23854 | Lair:2   | Noticed a four-headed hydra
 25391 | Lair:2   | Found a hole to the Spider Nest.
 26137 | Lair:2   | Killed a four-headed hydra
 26138 | Lair:2   | Reached XP level 13. HP: 80/104 MP: 11/25
 26713 | Lair:2   | You fall into a shaft and drop 2 floors!
 27060 | Lair:4   | Received a gift from Okawaru
 28932 | Lair:2   | Found a staircase to the Swamp.
 29278 | Lair:2   | Received a gift from Okawaru
 30004 | Lair:3   | Reached skill level 10 in Shields
 30306 | Lair:3   | Identified the +3 kite shield of the Immovable Ears {Int+4
                  | Stlth+} (Okawaru gifted it to you on level 3 of the Lair of
                  | Beasts)
 30306 | Lair:3   | Received a gift from Okawaru
 32218 | D:12     | Reached XP level 14. HP: 99/113 MP: 23/27
 32450 | D:12     | Reached skill level 10 in Invocations
 33474 | Orc:1    | Entered Level 1 of the Orcish Mines
 33493 | Orc:1    | Paralysed by an orc sorcerer for 2 turns
 33913 | Orc:1    | Found Diucrev's General Store.
 34388 | Orc:1    | Noticed an orc warlord
 34696 | D:11     | Killed an orc warlord
 35424 | Orc:2    | Entered Level 2 of the Orcish Mines
 35442 | Orc:2    | Found a staircase to the Elven Halls.
 35814 | Orc:2    | Noticed Nessos
 35839 | Orc:2    | Killed Nessos
 36597 | Orc:2    | Found Utonlodi's Distillery.
 36683 | Orc:2    | Noticed Urug
 36689 | Orc:2    | Killed Urug
 36690 | Orc:2    | Reached skill level 10 in Spellcasting
 36741 | Orc:2    | Noticed Jorgrun
 36757 | Orc:2    | Killed Jorgrun
 36758 | Orc:2    | Reached skill level 10 in Armour
 36797 | Orc:2    | Received a gift from Okawaru
 37230 | Orc:2    | Bought a potion of curing for 36 gold pieces
 37230 | Orc:2    | Bought a potion of heal wounds for 60 gold pieces
 37230 | Orc:2    | Bought a potion of heal wounds for 60 gold pieces
 37230 | Orc:2    | Bought a potion of heal wounds for 60 gold pieces
 37360 | Orc:2    | Noticed an orc warlord
 37684 | Orc:2    | Killed an orc warlord
 38127 | Orc:2    | Found Xuurghoimo's Antique Armour Emporium.
 38135 | Orc:2    | Bought a pair of boots for 117 gold pieces
 38278 | Orc:2    | Found Dedwe's Antique Armour Boutique.
 38280 | Orc:2    | Found Ugyesi's Antique Weapon Shop.
 38287 | Orc:2    | Bought a bloodstained dagger for 182 gold pieces
 38287 | Orc:2    | Identified the +8 dagger of Tortured Subterfuge {pain,
                  | rPois rC- rCorr Dex-3} (You bought it in a shop on level 2
                  | of the Orcish Mines)
 38294 | Orc:2    | Bought a twisted chain mail for 332 gold pieces
 38294 | Orc:2    | Identified the +6 chain mail of Paehug {Will+} (You bought
                  | it in a shop on level 2 of the Orcish Mines)
 39042 | D:13     | Received a gift from Okawaru
 39672 | D:13     | Found a large runed translucent door.
 39672 | D:13     | Found a large runed translucent door.
 39681 | D:13     | Noticed Plog's ghost (journeyman TrFi)
 39728 | D:13     | Reached skill level 10 in Short Blades
 39728 | D:13     | Reached skill level 10 in Axes
 39728 | D:13     | Reached skill level 10 in Maces & Flails
 39728 | D:13     | Reached skill level 10 in Polearms
 39728 | D:13     | Reached skill level 10 in Staves
 39728 | D:13     | Reached skill level 10 in Ranged Weapons
 39728 | D:13     | Reached skill level 10 in Throwing
 39728 | D:13     | Reached skill level 10 in Dodging
 39728 | D:13     | Reached skill level 10 in Stealth
 39728 | D:13     | Reached skill level 10 in Unarmed Combat
 39728 | D:13     | Reached skill level 10 in Evocations
 40025 | D:13     | Found a gate to the Vaults.
 40134 | D:13     | Received a gift from Okawaru
 40284 | D:13     | Reached XP level 15. HP: 89/120 MP: 27/29
 40830 | D:13     | Found the +4 consecrated labrys {holy, Valiant Fragile Fly
                  | SInv}
 40854 | D:13     | Found a burning altar of Makhleb.
 41533 | D:14     | Found a hide-covered altar of Uskayaw.
 42467 | D:14     | Identified the +4 ice dragon scales of Fiown {rPois rF-
                  | rC++ rN+ Dex-4} (Okawaru gifted it to you on level 14 of
                  | the Dungeon)
 42467 | D:14     | Received a gift from Okawaru
 43298 | D:14     | Identified the +6 dagger "Garaclai" {venom, Str+3}
 43610 | D:14     | Found Kussemo's Weapon Boutique.
 43720 | D:15     | Entered Level 15 of the Dungeon
 43805 | D:15     | Found a frozen archway.
 43869 | IceCv    | Entered an ice cave
 44281 | IceCv    | Reached ****** piety under Okawaru
 45320 | IceCv    | Received a gift from Okawaru
 45484 | IceCv    | Noticed a frost giant
 45502 | IceCv    | Killed a frost giant
 46069 | IceCv    | Noticed a frost giant
 46093 | IceCv    | Killed a frost giant
 48448 | D:15     | Reached XP level 16. HP: 129/129 MP: 31/31
 50264 | D:15     | Learned a level 3 spell: Hailstorm
 50492 | D:15     | Identified the +2 cloak of the Meadowlark {Regen+} (Okawaru
                  | gifted it to you on level 15 of the Dungeon)
 50492 | D:15     | Received a gift from Okawaru
 50971 | D:15     | Found a white marble altar of Elyvilon.
 51247 | D:15     | Found a staircase to the Depths.
 51554 | Swamp:1  | Entered Level 1 of the Swamp
 52960 | Swamp:1  | Identified the +6 falchion of Intuition {flame, rN+ Str+3
                  | Int+3}
 56141 | Swamp:3  | Found a runed translucent door.
 56661 | Spider:1 | Entered Level 1 of the Spider Nest
 57841 | Lair:2   | Received a gift from Okawaru
 58068 | Spider:1 | Noticed Donald
 58095 | Lair:2   | Received a gift from Okawaru
 58096 | Lair:2   | Reached XP level 17. HP: 77/137 MP: 33/33
 58831 | Lair:2   | Killed Donald
 59396 | Lair:2   | Gained mutation: You have hidden genetic defects.
                  | [mutagenic glow]
 59697 | Lair:2   | Reached skill level 10 in Conjurations
 59697 | Lair:2   | Reached skill level 10 in Hexes
 59697 | Lair:2   | Reached skill level 10 in Summonings
 59697 | Lair:2   | Reached skill level 10 in Necromancy
 59697 | Lair:2   | Reached skill level 10 in Translocations
 59697 | Lair:2   | Reached skill level 10 in Transmutations
 59697 | Lair:2   | Reached skill level 10 in Fire Magic
 59697 | Lair:2   | Reached skill level 10 in Ice Magic
 59697 | Lair:2   | Reached skill level 10 in Air Magic
 59697 | Lair:2   | Reached skill level 10 in Earth Magic
 59697 | Lair:2   | Reached skill level 10 in Poison Magic
 60976 | Spider:1 | Identified the +4 rapier "Ipasamadat" {freeze, *Slow Str+3
                  | Dex+6}
 61699 | Spider:2 | Found a runed translucent door.
 61700 | Spider:2 | Noticed Tacit's ghost (journeyman GrMo)
 62218 | Spider:2 | Gained mutation: Your body sometimes deteriorates upon
                  | taking damage. [mutagenic glow]
 62231 | Spider:2 | Gained mutation: You are frail. (-10% HP) [mutagenic glow]
 62934 | Spider:2 | Gained mutation: You are occasionally teleported next to
                  | monsters. [hidden defects]
 63691 | Spider:2 | Identified the +2 helmet of Midsummer {Will+}
 63831 | Spider:2 | HP: 2/123 [something (7)]
 63831 | Spider:2 | Slain by a ghost moth

Illustrated notes

Levels and vault maps discovered:
D:1:      dpeg_arrival_connections, layout_loops_ring
D:2:      layout_basic, basic_altar
D:3:      gammafunk_wand_slinger, layout_loops_ring,
          mainiacjoe_overflow_divided_tiny,
          hellmonk_ecumenical_altar_inner_sanctum, serial_forest,
          infiniplex_forest_lined_ring, infiniplex_forest_lined_3_way,
          infiniplex_forest_side_room, infiniplex_forest_straight_2,
          infiniplex_forest_diagonal, infiniplex_forest_lined_4_way,
          infiniplex_forest_clump_small
D:4:      layout_basic, nicolae_wu_jian_glorious_leap,
          lightli_ossuary_entry_decrepit_ruins, grunt_ministairs_13, uniq_robin
D:5:      layout_basic, dilly_guarded_unrand_devastator
D:6:      layout_basic, vehumet_altar_wand_db, minmay_temple_entry_tees
D:7:      layout_loops_corners, amcnicky_altar_gilded,
          mainiacjoe_overflow_six_doors_small, uniq_duvessa
D:8:      layout_basic, nicolae_gozag_cash_rules_everything_around_me,
          minmay_unpleasant_kobolds
D:9:      layout_roguey [special_room_orc]
D:10:     minmay_cut_squares, layout_cross, nemelex_xobeh_ov_fountains_minmay,
          serial_shops, shop, nicolae_two_hexagons, uniq_nergalle
D:11:     layout_stronghold, due_lair_maze_entry_diamond, orc_0_dummy,
          xom_teletrap_fun, uniq_grum, uniq_erica, uniq_harold
D:12:     layout_layer_cave
D:13:     minmay_dotted_concentric_squares, layout_rooms, david_vaults_4,
          ebering_ghost_disaster_area, bloody_makhleb
D:14:     layout_basic, serial_shops, nicolae_shop_bloodbath_and_beyond,
          nicolae_uskayaw_suspiria, kennysheep_generic_room_10
D:15:     hangedman_depths_entry_civil_slaughter, layout_rooms,
          portal_ice_cave_entry_dragon, drop_trap, corexii_checkpoint_a,
          minmay_liquid_box, elyvilon_altar_1
Temple:   nicolae_temple_two_arcs
Lair:1:   layout_hall_layers, grunt_megastairs_4
Lair:2:   layout_gridlike, minmay_swamp_entry_reptiles,
          nicolae_spider_entry_tight_spaces, beast_lair_carwin_3,
          grunt_megastairs_1, serial_bayou_shore_b, infiniplex_staircase_pool
Lair:3:   layout_cave_pods, st_stairs_8, amcnicky_mini_pool_medium,
          serial_bayou_shore_a, serial_bayou_shore_b, lemuel_fruit_fields
Lair:4:   layout_long_grid, serial_bayou, serial_bayou_pond_e,
          serial_bayou_shore_b, serial_bayou_pond_b, serial_bayou_pond_a,
          serial_bayou_crossing, serial_bayou_lagoon_b
Swamp:1:  layout_falls_marsh, serial_swamp_ruin, evilmike_swamp_ruin_rubble_2,
          evilmike_swamp_ruin_house_4, evilmike_swamp_ruin_house_2,
          infiniplex_staircase_pool_2
Swamp:2:  nicolae_swamp_tree_isthmus, layout_basic_swamp,
          evilmike_swamp_ruin_rubble_1
Swamp:3:  gammafunk_mikee_crab_dinner, layout_basic_swamp,
          evilmike_swamp_ruin_house_1, hangedman_swamp_blocks
Spider:1: layout_spider_delve, uniq_donald
Spider:2: layout_cave_pods, gammafunk_ghost_grave, hellmonk_motheaten_closet
Orc:1:    layout_caves, serial_shops, shop
Orc:2:    grunt_orc_community_town_hall, layout_caves,
          grunt_orc_community_big_house_1, grunt_orc_community_big_house_1,
          grunt_orc_community_house_2, grunt_orc_community_house_1,
          grunt_orc_community_house_2, grunt_orc_community_house_3,
          grunt_orc_community_house_2, grunt_orc_community_house_1, uniq_nessos,
          uniq_urug, uniq_jorgrun

Skill      XL: |  1  2  3  4  5  6  7  8  9 10 11 12 13 14 15 16 17 |
---------------+----------------------------------------------------+-----
Invocations    | 1 2 3 4 5 6 7 8 9 10 11 12 13 | 13.1
Short Blades   | 1 2 3 5 6 7 8 9 10 11 12 | 12.0
Axes           | 1 2 3 5 6 7 8 9 10 11 12 | 12.0
Maces & Flails | 1 2 3 5 6 7 8 9 10 11 12 | 12.0
Polearms       | 1 2 3 5 6 7 8 9 10 11 12 | 12.0
Staves         | 1 2 3 5 6 7 8 9 10 11 12 | 12.0
Ranged Weapons | 1 2 3 5 6 7 8 9 10 11 12 | 12.0
Throwing       | 1 2 3 5 6 7 8 9 10 11 12 | 12.0
Dodging        | 1 2 3 5 6 7 8 9 10 11 12 | 12.0
Stealth        | 1 2 3 5 6 7 8 9 10 11 12 | 12.0
Unarmed Combat | 1 2 3 5 6 7 8 9 10 11 12 | 12.0
Evocations     | 1 2 3 5 6 7 8 9 10 11 12 | 12.0
Spellcasting   | 3 4 5 6 7 8 9 10 11 12 | 12.4
Conjurations   | 1 2 3 4 5 6 7 8 9 10 | 10.2
Hexes          | 1 2 3 4 5 6 7 8 9 10 | 10.2
Summonings     | 1 2 3 4 5 6 7 8 9 10 | 10.2
Necromancy     | 1 2 3 4 5 6 7 8 9 10 | 10.2
Translocations | 1 2 3 4 5 6 7 8 9 10 | 10.2
Transmutations | 1 2 3 4 5 6 7 8 9 10 | 10.2
Fire Magic     | 1 2 3 4 5 6 7 8 9 10 | 10.2
Ice Magic      | 1 2 3 4 5 6 7 8 9 10 | 10.2
Air Magic      | 1 2 3 4 5 6 7 8 9 10 | 10.2
Earth Magic    | 1 2 3 4 5 6 7 8 9 10 | 10.2
Poison Magic   | 1 2 3 4 5 6 7 8 9 10 | 10.2
Armour         | 3 4 5 6 7 8 9 10 11 12 | 12.3
Shields        | 5 6 7 8 9 10 11 12 | 12.8
Fighting       | 7 8 9 10 11 12 13 | 13.6
Long Blades    | 7 8 9 10 11 12 13 | 13.6

Action                     |  1- 3 |  4- 6 |  7- 9 | 10-12 | 13-15 | 16-18 || total
---------------------------+-------+-------+-------+-------+-------+-------++-------
  Melee: Falchion          |    54 |   205 |   132 |       |       |       ||   391
         Bite              |     8 |    23 |    30 |    41 |   171 |    66 ||   339
         Shillelagh        |       |       |   128 |   339 |  1176 |   642 ||  2285
  Throw: Throwing net      |       |       |     1 |       |       |       ||     1
   Cast: Foxfire           |       |       |       |   238 |   343 |    62 ||   643
         Fireball          |       |       |       |       |    29 |    84 ||   113
         Hailstorm         |       |       |       |       |       |    23 ||    23
 Invoke: Heroism           |       |       |       |     1 |     1 |     4 ||     6
         Finesse           |       |       |       |       |     1 |     2 ||     3
  Evoke: Wand              |       |       |       |    13 |     8 |       ||    21
    Use: Scroll            |       |    11 |       |     8 |     9 |    13 ||    41
         Potion            |       |     3 |     6 |     7 |     6 |     7 ||    29
   Stab: Sleeping          |       |     1 |       |     1 |     6 |     1 ||     9
         Distracted        |       |       |       |     1 |     1 |       ||     2
 Armour: Leather armour    |    12 |    21 |       |     2 |       |       ||    35
         Chain mail        |       |    20 |    16 |       |   167 |       ||   203
         Skin              |       |     2 |     5 |       |       |       ||     7
         Plate armour      |       |       |    72 |    71 |       |       ||   143
         Scale mail        |       |       |       |    38 |   100 |       ||   138
         Ice dragon scales |       |       |       |       |    83 |   404 ||   487
  Dodge: Dodged            |    21 |    63 |    84 |   275 |   532 |   506 ||  1481
  Block: Buckler           |    11 |     3 |       |       |       |       ||    14
         Kite shield       |       |    62 |   122 |   219 |   768 |   574 ||  1745
